 Dungeon Crawl Stone Soup version 0.31-a0-881-ge136f0c47a (webtiles) character file.

Game seed: 17318701197789621874

40 Kurtz the Sneak (level 3, -8/34 HPs)
             Began as a Naga Delver on Oct 15, 2023.
             Killed from afar by an acid dragon (30 damage)
             ... with a splash of acid
             ... on level 5 of the Dungeon.
             The game lasted 00:00:24 (185 turns).

Kurtz the Sneak (Naga Delver)                        Turns: 185, Time: 00:00:25

Health: -8/34      AC:  2    Str: 14    XL:     3   Next: 50%
Magic:  3/3        EV:  9    Int: 10    God:
Gold:   14         SH:  0    Dex: 14    Spells: 2/2 levels left

rFire   . . .        a - +0 hand axe
rCold   . . .        (no shield)
rNeg    . . .        b - +0 leather armour
rPois   +            (no helmet)
rElec   .            (no cloak)
rCorr   .            (no gloves)
SInv    +            (no barding)
Will    .....        (no amulet)
Stlth   +++          (no ring)
HPRegen 0.25/turn    (no ring)
MPRegen 0.08/turn

%: no passive effects
@: very slow
A: AC +1, large, see invisible, deformed body, poison resistance, slowness 2,
spit poison 1, naga tail 1
a: Spit Poison


You were on level 5 of the Dungeon.
You visited 1 branch of the dungeon, and saw 1 of its levels.

You collected 14 gold pieces.

Inventory:

Hand Weapons
 a - a +0 hand axe (weapon)
Armour
 b - a +0 leather armour (worn)
Wands
 g - a wand of digging (3)
Scrolls
 c - a scroll of fog
 d - a scroll of revelation
 e - a scroll of fear
Potions
 f - a potion of haste


   Skills:
 - Level 3.0 Fighting
 * Level 3.8 Axes
 - Level 1.5 Dodging
 - Level 7.2 Stealth


You had 2 spell levels left.
You didn't know any spells.
Your spell library was empty.

Dungeon Overview and Level Annotations

Branches:
Dungeon (5/15)
 Temple: D:4-7

Altars:

Annotations:
D:5 exclusions: orc and shadow


Innate Abilities, Weirdness & Mutations

Your serpentine skin is tough. (AC +1)
You have supernaturally acute eyesight. (SInv)
Armour fits poorly on your strangely shaped body.
Your system is resistant to poisons. (rPois)
You cover ground very slowly.
You can spit poison.
You have a snake-like lower body.


Message History

The orc shouts!
The orc barely misses you.
You barely miss the orc. The orc hits you with a +0 short sword.
The orc priest shouts!
You slash the orc!
You kill the orc!
You hear a shout! x2
No target in view!
Things that are here:
a +0 short sword; an orc corpse An orc priest is nearby!
Aiming: Spit Poison (2% risk of failure)
Press: ? - help, Shift-Dir - straight line, f - orc priest
Aim: an orc priest, wielding a +0 war axe and wearing a +0 leather armour (59% to hit)
The splash of poison hits the orc priest.
The orc priest is poisoned.
The orc priest is heavily wounded.
The orc priest casts a cantrip, but nothing happens.
Things that are here:
a +0 short sword; an orc corpse You hit the orc priest.
The orc priest is almost dead.
You have got your breath back.
The orc priest hits you with a +0 war axe!
Unknown command.
You hit the orc priest.
You kill the orc priest!
Your Axes skill increases to level 3!
You have reached level 3!
Your experience leads to an increase in your attributes!
Increase (S)trength, (I)ntelligence, or (D)exterity?
You feel agile. x2; Your skin feels tougher.
Unknown command.
No reachable target in view!
An acid dragon comes into view.
The acid dragon roars!
You hear a shout!
The acid dragon spits acid at you. The splash of acid hits you!!
Ouch! That really hurt!
You die...

#.. #. #.# #. #.# #o #.#
#. #D# #o #.# ## #.. #o
#.# #.# #. #.# #># # #.
#.# ##.#########
#.####.###.###.####
...........#
#>@)......o##......
#######.##[#
#.##...........####
#.##.####.##.#.######.##
#.##.........#.# #.#
#.#######.#### # #.#
#.....# #.# #.#####
#####.# #.# #..>... #.#
#.. ####### #.# ###


You could see an acid dragon (catching breath).

Vanquished Creatures
  An orc priest (D:5)
  An adder (D:5)
  An orc (D:5)
3 creatures vanquished.

Notes
Turn   | Place    | Note
-------+----------+-------------------------------------------
     0 | D:5      | Kurtz the Naga Delver began the quest for the Orb.
     0 | D:5      | Reached XP level 1. HP: 21/21 MP: 1/1
    13 | D:5      | Noticed an orc priest
    13 | D:5      | Noticed an orc priest
    23 | D:5      | Noticed a shadow
    80 | D:5      | Reached XP level 2. HP: 20/28 MP: 2/2
   185 | D:5      | Reached XP level 3. HP: 22/34 MP: 3/3
   185 | D:5      | Noticed an acid dragon
   185 | D:5      | Killed from afar by an acid dragon

Illustrated notes

Levels and vault maps discovered:
D:5:      layout_loops_ring, lemuel_coloured_pillars_altar,
          minmay_manual_monstrance, uniq_duvessa

Skill      XL: |  1  2 |
---------------+-------+-----
Axes           | 3 |  3.8
Fighting       | |  3.0
Dodging        | |  1.5
Stealth        | |  7.2

Action                     || total
---------------------------++-------
  Melee: Hand axe          ||    11
Ability: Spit Poison       ||     1
 Armour: Leather armour    ||     7
  Dodge: Dodged            ||     8

Table legend: (Time is in decaauts)
 A = Elapsed time spent in this place.
 B = Non-inter-level travel time spent in this place.
 C = Inter-level travel time spent in this place.
 D = Time resting spent in this place.
 E = Time spent auto-exploring this place.
 F = Levels seen in this place.
 G = Mean time per level.
                   A        B        C        D        E       F      G
               +--------+--------+--------+--------+--------+-----+--------+
         Total |    243 |    243 |      0 |     31 |    159 |   1 |  243.0 |
       Dungeon |    243 |    243 |      0 |     31 |    159 |   1 |  243.0 |
               +--------+--------+--------+--------+--------+-----+--------+

Top non-repeatable levels by time:
     D:5: 243 daAuts
